 Dungeon Crawl Stone Soup version 0.21.1-1-g345015f (webtiles) character file.

51 inc the Ducker (level 3, 15/15 HPs)
             Began as a Felid Transmuter on Mar 5, 2018.
             Quit the game on level 2 of the Dungeon.
             The game lasted 00:02:12 (2168 turns).

inc the Ducker (Felid Transmuter)                   Turns: 2168, Time: 00:02:13

Health: 15/15      AC:  1    Str:  6    XL:     3   Next: 57%
Magic:  7/7        EV: 21    Int: 15    God:
Gold:   92         SH:  0    Dex: 16    Spells: 5/6 levels left
                                        Lives:  0   Deaths: 1

rFire    . . .     SeeInvis +     - Unarmed
rCold    . . .     Gourm    .   (shield unavailable)
rNeg     . . .     Faith    .   (armour unavailable)
rPois    .         Spirit   .   (helmet unavailable)
rElec    .         Reflect  .   (cloak unavailable)
rCorr    .         Harm     .   (gloves unavailable)
MR       .....                  (boots unavailable)
Stlth    ++........             (no amulet)
HPRegen  0.05/turn              (no ring)
MPRegen  0.10/turn              (no ring)

@: quick
A: very small, no armour, no weapons or thrown items, stealth, claws 1, fangs 3,
see invisible, carnivore, speed 1, shaggy fur 1, slow metabolism 1, sharp paws
a: no special abilities


You were on level 2 of the Dungeon.
You were not hungry.

You visited 1 branch of the dungeon, and saw 2 of its levels.

You collected 92 gold pieces.

Inventory:

Missiles
 a - 42 arrows
Scrolls
 d - a scroll of enchant weapon {unknown}
 e - a scroll of noise {unknown}
 f - a scroll of fear {unknown}
 g - a scroll of fog {unknown}
 i - a scroll of teleportation {unknown}
 j - a scroll of remove curse {unknown}
Books
 b - a book of Changes

   Spells                             Type                      Level
   a - Beastly Appendage              Transmutation                1
   b - Sticks to Snakes               Transmutation                2
   c - Spider Form                    Transmutation/Poison         3
   d - Ice Form                       Ice/Transmutation            4
   e - Blade Hands                    Transmutation                5
Comestibles
 c - 4 rations


   Skills:
 - Level 1.0 Fighting
 + Level 5.8 Dodging
 - Level 3.6 Unarmed Combat
 - Level 2.0 Spellcasting
 - Level 2.2 Transmutations


You had 5 spell levels left.
You knew the following spells:

 Your Spells              Type           Power        Failure   Level  Hunger
a - Beastly Appendage     Tmut           #.....       9%          1    #......


Dungeon Overview and Level Annotations

Branches:
Dungeon (2/15)

Altars:


Innate Abilities, Weirdness & Mutations

You cannot wear armour.
You are incapable of wielding weapons or throwing items.
Your paws allow you to move quietly. (Stealth)
You have sharp claws.
You have razor-sharp teeth.
You have supernaturally acute eyesight. (SInv)
You are carnivorous and can eat meat at any time.
You cover ground quickly.
You are covered in fur. (AC +1)
You have a slow metabolism.
Your sharp claws are effective at attacking unaware monsters.


Message History

You scratch the hobgoblin.
The hobgoblin is lightly wounded.
The hobgoblin misses you.
You scratch the hobgoblin but do no damage.
The hobgoblin is lightly wounded.
A goblin comes into view.
You scratch the hobgoblin.
The hobgoblin is heavily wounded.
The hobgoblin misses you.
You scratch the hobgoblin.
You kill the hobgoblin!
You barely miss the goblin. You scratch the goblin.
You kill the goblin!
You barely miss the goblin. You closely miss the goblin. The goblin hits you.
You die...
You are now level 3!
You rejoin the land of the living...
Are you sure you want to abandon this character and quit the game? (Confirm with "yes".)

........#....#.#
รท##.##.##.##.#.#
.##.......##.#.#
.#####.........#
.# ####..###.##
.#### ##.## ##.##
...<# #.## ##.#
.#..# #.# #.#####
.#..####.##
##@....#
..........##
##.####....
.#..#####..###.##
## ....# #.#...##
...## ###.#####
...># #...# .##>#
#.### .# .# #.#
## .# #.#


There were no monsters in sight!

Vanquished Creatures
  Jessica (D:2)
  Robin (D:2)
  A gnoll (D:1)
  An adder (D:2)
  A dart slug (D:1)
  9 bats
  2 giant cockroaches (D:1)
  13 goblins
  2 hobgoblins
  2 jackals (D:2)
  A ball python (D:1)
  3 frilled lizards (D:1)
  7 kobolds
  7 rats
51 creatures vanquished.

Notes
Turn   | Place    | Note
-------+----------+-------------------------------------------
     0 | D:1      | inc the Felid Transmuter began the quest for the Orb.
     0 | D:1      | Reached XP level 1. HP: 9/9 MP: 4/4
   379 | D:1      | Reached XP level 2. HP: 7/12 MP: 6/6
   549 | D:1      | Reached skill level 3 in Dodging
  1317 | D:1      | Reached XP level 3. HP: 14/15 MP: 7/7
  1464 | D:2      | Reached skill level 4 in Dodging
  1911 | D:2      | Noticed Jessica
  1916 | D:2      | Killed Jessica
  1916 | D:2      | Reached skill level 5 in Dodging
  1916 | D:2      | Reached XP level 4. HP: 14/19 MP: 8/8
  2130 | D:2      | Noticed Robin
  2157 | D:2      | Killed Robin
  2167 | D:2      | Slain by a goblin
  2168 | D:2      | Reached XP level 3. HP: 0/15 MP: 7/7
  2168 | D:2      | Quit the game

Skill      XL: |  1  2  3 |
---------------+----------+-----
Dodging        | 3 5 |  5.8
Fighting       | |  1.0
Unarmed Combat | |  3.6
Spellcasting   | |  2.0
Transmutations | |  2.2

Action                   |  1- 3 |  4- 6 || total
-------------------------+-------+-------++-------
Melee: Unarmed           |   135 |    32 ||   167
       Bite              |     6 |     3 ||     9
       Headbutt          |     6 |       ||     6
       Punch             |     2 |     1 ||     3
 Cast: Beastly Appendage |     3 |     1 ||     4
  Use: Potion            |     2 |     2 ||     4
 Stab: Sleeping          |     7 |     1 ||     8
  Eat: Chunk             |     2 |       ||     2
Armor: Skin              |     7 |       ||     7
Dodge: Dodged            |   132 |    14 ||   146
